TOP OF THE 1ST |
Greenville 84s batting - Pitching for Kansas City Kings : RHP Mark Head
|
Pitching: RHP Mark Head
|
|
Batting: LHB Paco Rosas
|
0-0: Fly out, F8 (Line Drive, 8RS)
|
Batting: LHB Chris Moore
|
0-0: Ball 1-0: Called Strike 1-1: Foul Ball, location: 2F 1-2: Foul Ball, location: 2F 1-2: Foul Ball, location: 2F 1-2: Ball 2-2: Foul Ball, location: 2F 2-2: Ball 3-2: Base on Balls
|
Batting: RHB Enzo Díaz
|
0-0: Called Strike 0-1: Foul Ball, location: 2F 0-2: Ball 1-2: Ball 2-2: Ball 3-2: SINGLE (Flyball, 4MD) Chris Moore to second
|
Batting: LHB Brock Larsen
|
0-0: Ball 1-0: 3-RUN HOME RUN (Flyball, 9D), Distance : 367 ft
|
Batting: RHB Vic Langlois
|
0-0: Ball 1-0: Foul Ball, location: 2F 1-1: Fly out, F8 (Flyball, 8LD)
|
Batting: LHB Jimmy Vickers
|
0-0: Called Strike 0-1: Called Strike 0-2: Ball 1-2: Foul Ball, location: 2F 1-2: SINGLE (Line Drive, 56D)
|
Batting: LHB Robert Moore
|
0-0: Swinging Strike 0-1: Ball 1-1: Ball 2-1: Fly out, F9 (Flyball, 89S)
|
Top of the 1st over - 3 run(s), 3 hit(s), 0 error(s), 1 left on base; Greenville 3 - Kansas City 0 |
BOTTOM OF THE 1ST |
Kansas City Kings batting - Pitching for Greenville 84s : RHP Vicente Durán
|
Pitching: RHP Vicente Durán
|
|
Batting: RHB Chris Chandler
|
0-0: Fly out, F9 (Flyball, 9S)
|
Batting: SHB Douglas Taylor
|
0-0: Ball 1-0: Called Strike 1-1: Foul Ball, location: 2F 1-2: Ball 2-2: Ball 3-2: Fly out, F2 (Popup, 25)
|
Batting: LHB Stan Hickman
|
0-0: Swinging Strike 0-1: Ball 1-1: Called Strike 1-2: Ball 2-2: SINGLE (Groundball, 6S) (infield hit)
|
Pinch Runner at 1st José Cruz:
|
|
Batting: RHB Toshimichi Kono
|
0-0: Ball 1-0: Fielders Choice at 2nd, 5-4 (Groundball, 56)
|
Bottom of the 1st over - 0 run(s), 1 hit(s), 0 error(s), 0 left on base; Greenville 3 - Kansas City 0 |
TOP OF THE 2ND |
Greenville 84s batting - Pitching for Kansas City Kings : RHP Mark Head
|
Now in LF: José Cruz
|
|
Batting: LHB José Costa
|
0-0: Foul Ball, location: 2F 0-1: DOUBLE (Flyball, 7D)
|
Batting: RHB Patrick Potts
|
0-0: Ball 1-0: Swinging Strike 1-1: Ground out 5-3 (Groundball, 56)
|
Batting: LHB Paco Rosas
|
0-0: SINGLE (Flyball, 89S) José Costa to third Runner from 3rd tries for Home, throw and OUT!
|
Batting: LHB Chris Moore
|
0-0: Foul Ball, location: 2F 0-1: Ground out 4-3 (Groundball, 34)
|
Top of the 2nd over - 0 run(s), 2 hit(s), 0 error(s), 1 left on base; Greenville 3 - Kansas City 0 |
BOTTOM OF THE 2ND |
Kansas City Kings batting - Pitching for Greenville 84s : RHP Vicente Durán
|
Batting: LHB Ron Crawford
|
0-0: Ground out 3-1 (Groundball, 34)
|
Batting: RHB Dave Parker
|
0-0: Ball 1-0: Ball 2-0: Ball 3-0: Base on Balls
|
Batting: SHB António De La Cruz
|
0-0: Foul Ball, location: 2F 0-1: Called Strike 0-2: DOUBLE (Flyball, 7LD) Dave Parker to third Runner from 3rd tries for Home, throw and OUT!
|
Batting: LHB Luis González
|
0-0: Reached via error on a dropped throw, E3 António De La Cruz to third
|
Batting: RHB Oliver Lugo
|
0-0: Ball 1-0: Foul Ball, location: 2F 1-1: Called Strike 1-2: Foul Ball, location: 2F 1-2: Fielders Choice at 2nd, 6-4 (Groundball, 6)
|
Bottom of the 2nd over - 0 run(s), 1 hit(s), 1 error(s), 1 left on base; Greenville 3 - Kansas City 0 |
TOP OF THE 3RD |
Greenville 84s batting - Pitching for Kansas City Kings : RHP Mark Head
|
Batting: RHB Enzo Díaz
|
0-0: Ball 1-0: Swinging Strike 1-1: Foul Ball, location: 2F 1-2: Foul Ball, location: 2F 1-2: Foul Ball, location: 2F 1-2: Foul Ball, location: 2F 1-2: Foul Ball, location: 2F 1-2: Ball 2-2: Fly out, F5 (Line Drive, 56D)
|
Batting: LHB Brock Larsen
|
0-0: Swinging Strike 0-1: Foul Ball, location: 2F 0-2: Ball 1-2: Foul Ball, location: 2F 1-2: Ball 2-2: Ball 3-2: Foul Ball, location: 2F 3-2: Fly out, F8 (Flyball, 8RS)
|
Batting: RHB Vic Langlois
|
0-0: Ball 1-0: Foul Ball, location: 2F 1-1: Swinging Strike 1-2: Ball 2-2: Foul Ball, location: 2F 2-2: SOLO HOME RUN (Flyball, 78XD), Distance : 476 ft
|
Batting: LHB Jimmy Vickers
|
0-0: Called Strike 0-1: Swinging Strike 0-2: Ground out 6-3 (Groundball, 6)
|
Top of the 3rd over - 1 run(s), 1 hit(s), 0 error(s), 0 left on base; Greenville 4 - Kansas City 0 |
BOTTOM OF THE 3RD |
Kansas City Kings batting - Pitching for Greenville 84s : RHP Vicente Durán
|
Batting: RHB Chris Chandler
|
0-0: Foul Ball, location: 2F 0-1: Foul Ball, location: 2F 0-2: Fly out, F7 (Flyball, 7)
|
Batting: SHB Douglas Taylor
|
0-0: Ball 1-0: Ball 2-0: Called Strike 2-1: SINGLE (Line Drive, 8RS)
|
Batting: SHB José Cruz
|
0-0: Ball 1-0: Ball 2-0: Swinging Strike 2-1: Called Strike 2-2: Foul Ball, location: 2F 2-2: Strikes out swinging
|
Batting: RHB Toshimichi Kono
|
0-0: Called Strike 0-1: Ball 1-1: Called Strike 1-2: Ball 2-2: Fly out, F9 (Flyball, 9LSF)
|
Bottom of the 3rd over - 0 run(s), 1 hit(s), 0 error(s), 1 left on base; Greenville 4 - Kansas City 0 |
TOP OF THE 4TH |
Greenville 84s batting - Pitching for Kansas City Kings : RHP Mark Head
|
Batting: LHB Robert Moore
|
0-0: Ball 1-0: Swinging Strike 1-1: Ball 2-1: Ball 3-1: Fly out, F9 (Line Drive, 9)
|
Batting: LHB José Costa
|
0-0: Ball 1-0: SINGLE (Groundball, 4MD)
|
Batting: RHB Patrick Potts
|
0-0: Ball Wild Pitch! José Costa to second 1-0: Ball 2-0: Called Strike 2-1: Foul Ball, location: 2F 2-2: Ground out 6-3 (Groundball, 6) José Costa to third
|
Batting: LHB Paco Rosas
|
0-0: Foul Ball, location: 2F 0-1: Called Strike 0-2: Ball 1-2: Ground out 4-3 (Groundball, 4)
|
Top of the 4th over - 0 run(s), 1 hit(s), 0 error(s), 1 left on base; Greenville 4 - Kansas City 0 |
BOTTOM OF THE 4TH |
Kansas City Kings batting - Pitching for Greenville 84s : RHP Vicente Durán
|
Batting: LHB Ron Crawford
|
0-0: Ball 1-0: Ball 2-0: Ground out U3 (Groundball, 3)
|
Batting: RHB Dave Parker
|
0-0: Called Strike 0-1: Fly out, F7 (Flyball, 7LSF)
|
Batting: SHB António De La Cruz
|
0-0: Ball 1-0: Called Strike 1-1: Called Strike 1-2: Ball 2-2: Ball 3-2: Base on Balls
|
Batting: LHB Luis González
|
0-0: Ball 1-0: Ball 2-0: Swinging Strike 2-1: Foul Ball, location: 2F 2-2: Fielders Choice at 2nd, 4-6 (Groundball, 34)
|
Bottom of the 4th over - 0 run(s), 0 hit(s), 0 error(s), 0 left on base; Greenville 4 - Kansas City 0 |
TOP OF THE 5TH |
Greenville 84s batting - Pitching for Kansas City Kings : RHP Mark Head
|
Batting: LHB Chris Moore
|
0-0: Ball 1-0: Called Strike 1-1: Ball 2-1: Ground out 6-3 (Groundball, 6)
|
Batting: RHB Enzo Díaz
|
0-0: Foul Ball, location: 2F 0-1: SINGLE (Flyball, 7S)
|
Pitching: RHP Nariaki Tanaka
|
|
Batting: LHB Brock Larsen
|
0-0: DOUBLE (Line Drive, 8RD) Enzo Díaz to third
|
Batting: RHB Vic Langlois
|
0-0: Foul Ball, location: 2F 0-1: Ball 1-1: SINGLE (Line Drive, 7S) Enzo Díaz scores Brock Larsen to third Runner from 3rd tries for Home, SAFE, throw made home Vic Langlois to second
|
Batting: LHB Jimmy Vickers
|
0-0: Ball 1-0: Swinging Strike 1-1: Ball 2-1: 2-RUN HOME RUN (Flyball, 7D), Distance : 356 ft
|
Pitching: RHP Soichiro Ikeda
|
|
Batting: LHB Robert Moore
|
0-0: Ball 1-0: Fly out, F3 (Line Drive, 34)
|
Batting: LHB José Costa
|
0-0: Called Strike 0-1: Ball 1-1: Ball 2-1: Fly out, F8 (Flyball, 78D)
|
Top of the 5th over - 4 run(s), 4 hit(s), 0 error(s), 0 left on base; Greenville 8 - Kansas City 0 |
BOTTOM OF THE 5TH |
Kansas City Kings batting - Pitching for Greenville 84s : RHP Vicente Durán
|
Batting: RHB Oliver Lugo
|
0-0: Ball 1-0: Called Strike 1-1: Ball 2-1: Foul Ball, location: 2F 2-2: Strikes out swinging
|
Batting: RHB Chris Chandler
|
0-0: Ball 1-0: Ball 2-0: Ball 3-0: Called Strike 3-1: Fly out, F9 (Flyball, 9LM)
|
Batting: SHB Douglas Taylor
|
0-0: Ball 1-0: Ball 2-0: Called Strike 2-1: Ball 3-1: Foul Ball, location: 2F 3-2: Foul Ball, location: 2F 3-2: Foul Ball, location: 2F 3-2: Fly out, F8 (Flyball, 8RM)
|
Bottom of the 5th over - 0 run(s), 0 hit(s), 0 error(s), 0 left on base; Greenville 8 - Kansas City 0 |
TOP OF THE 6TH |
Greenville 84s batting - Pitching for Kansas City Kings : RHP Soichiro Ikeda
|
Batting: RHB Patrick Potts
|
0-0: Called Strike 0-1: Foul Ball, location: 2F 0-2: Ball 1-2: Strikes out swinging
|
Batting: LHB Paco Rosas
|
0-0: Ball 1-0: Ball 2-0: Swinging Strike 2-1: Ball 3-1: Foul Ball, location: 2F 3-2: SINGLE (Line Drive, 56D)
|
Batting: LHB Chris Moore
|
0-0: Ball 1-0: Ball 2-0: Ball 3-0: Called Strike 3-1: Base on Balls Paco Rosas to second
|
Batting: RHB Enzo Díaz
|
0-0: Called Strike 0-1: Ball 1-1: Fly out, F8 (Flyball, 8LS)
|
Batting: LHB Brock Larsen
|
0-0: Ground out U3 (Groundball, 3)
|
Top of the 6th over - 0 run(s), 1 hit(s), 0 error(s), 2 left on base; Greenville 8 - Kansas City 0 |
BOTTOM OF THE 6TH |
Kansas City Kings batting - Pitching for Greenville 84s : RHP Vicente Durán
|
Batting: SHB José Cruz
|
0-0: Called Strike 0-1: Called Strike 0-2: Strikes out looking
|
Batting: RHB Toshimichi Kono
|
0-0: Ground out 6-3 (Groundball, 6)
|
Batting: LHB Ron Crawford
|
0-0: Called Strike 0-1: Foul Ball, location: 2F 0-2: Ball 1-2: Fly out, F9 (Line Drive, 9)
|
Bottom of the 6th over - 0 run(s), 0 hit(s), 0 error(s), 0 left on base; Greenville 8 - Kansas City 0 |
TOP OF THE 7TH |
Greenville 84s batting - Pitching for Kansas City Kings : RHP Soichiro Ikeda
|
Batting: RHB Vic Langlois
|
0-0: Ball 1-0: Called Strike 1-1: Foul Ball, location: 2F 1-2: Foul Ball, location: 2F 1-2: Ball 2-2: Strikes out looking
|
Batting: LHB Jimmy Vickers
|
0-0: Foul Ball, location: 2F 0-1: Swinging Strike 0-2: Strikes out swinging
|
Batting: LHB Robert Moore
|
0-0: Called Strike 0-1: Ball 1-1: Called Strike 1-2: Strikes out swinging
|
Top of the 7th over - 0 run(s), 0 hit(s), 0 error(s), 0 left on base; Greenville 8 - Kansas City 0 |
BOTTOM OF THE 7TH |
Kansas City Kings batting - Pitching for Greenville 84s : RHP Vicente Durán
|
Batting: RHB Dave Parker
|
0-0: Foul Ball, location: 2F 0-1: Ball 1-1: Swinging Strike 1-2: SINGLE (Groundball, 6D)
|
Batting: SHB António De La Cruz
|
0-0: Ball 1-0: Swinging Strike 1-1: Ball 2-1: Fly out, F9 (Flyball, 89M)
|
Batting: LHB Luis González
|
0-0: Ball 1-0: Ball 2-0: SINGLE (Line Drive, 89M) Dave Parker to second
|
Batting: RHB Oliver Lugo
|
0-0: Called Strike 0-1: SINGLE (Line Drive, 6MD) Dave Parker to third Luis González to second Runner from 3rd tries for Home, SAFE, throw made home Luis González to third Oliver Lugo to second
|
Batting: RHB Chris Chandler
|
0-0: Called Strike 0-1: Called Strike 0-2: Ground out 5-3 (Groundball, 56S) Luis González scores Oliver Lugo to third
|
Batting: SHB Douglas Taylor
|
0-0: Ball 1-0: Ball 2-0: Called Strike 2-1: Swinging Strike 2-2: Ball 3-2: Foul Ball, location: 2F 3-2: Foul Ball, location: 2F 3-2: Base on Balls
|
Pitching: LHP Júlio Gracía
|
|
Batting: SHB José Cruz
|
0-0: Swinging Strike 0-1: Swinging Strike 0-2: Strikes out swinging
|
Bottom of the 7th over - 2 run(s), 3 hit(s), 0 error(s), 2 left on base; Greenville 8 - Kansas City 2 |
TOP OF THE 8TH |
Greenville 84s batting - Pitching for Kansas City Kings : RHP Soichiro Ikeda
|
Batting: LHB José Costa
|
0-0: Swinging Strike 0-1: Ball 1-1: Ball 2-1: Ball 3-1: Base on Balls
|
Batting: RHB Patrick Potts
|
0-0: Swinging Strike 0-1: Ball 1-1: Ball 2-1: Foul Ball, location: 2F 2-2: Ball 3-2: Fly out, F9 (Flyball, 9D)
|
Pitching: LHP Ignacio Colón
|
|
Batting: LHB Paco Rosas
|
0-0: Called Strike 0-1: Ball 1-1: Called Strike 1-2: Strikes out swinging
|
Batting: LHB Chris Moore
|
0-0: Called Strike José Costa is caught stealing 2nd base
|
Top of the 8th over - 0 run(s), 0 hit(s), 0 error(s), 0 left on base; Greenville 8 - Kansas City 2 |
BOTTOM OF THE 8TH |
Kansas City Kings batting - Pitching for Greenville 84s : LHP Júlio Gracía
|
Batting: RHB Toshimichi Kono
|
0-0: Ball 1-0: Called Strike 1-1: Fly out, F8 (Flyball, 8LM)
|
Batting: LHB Ron Crawford
|
0-0: Ball 1-0: Foul Ball, location: 2F 1-1: Ball 2-1: Foul Ball, location: 2F 2-2: Strikes out looking
|
Batting: RHB Dave Parker
|
0-0: Ball 1-0: Ball 2-0: Foul Ball, location: 2F 2-1: Foul Ball, location: 2F 2-2: Strikes out looking
|
Bottom of the 8th over - 0 run(s), 0 hit(s), 0 error(s), 0 left on base; Greenville 8 - Kansas City 2 |
TOP OF THE 9TH |
Greenville 84s batting - Pitching for Kansas City Kings : LHP Ignacio Colón
|
Batting: LHB Chris Moore
|
0-0: Ball 1-0: Ball 2-0: Foul Ball, location: 2F 2-1: Foul Ball, location: 2F 2-2: Ground out 6-3 (Groundball, 6)
|
Batting: RHB Enzo Díaz
|
0-0: Ball 1-0: Foul Ball, location: 2F 1-1: Called Strike 1-2: Ground out 3-1 (Groundball, 34S)
|
Batting: LHB Brock Larsen
|
0-0: Called Strike 0-1: Ball 1-1: Ball 2-1: Foul Ball, location: 2F 2-2: Foul Ball, location: 2F 2-2: Foul Ball, location: 2F 2-2: Strikes out swinging
|
Top of the 9th over - 0 run(s), 0 hit(s), 0 error(s), 0 left on base; Greenville 8 - Kansas City 2 |
BOTTOM OF THE 9TH |
Kansas City Kings batting - Pitching for Greenville 84s : LHP Júlio Gracía
|
Batting: SHB António De La Cruz
|
0-0: Ball 1-0: Ball 2-0: Ball 3-0: Base on Balls
|
Batting: LHB Luis González
|
0-0: Ball 1-0: Ball 2-0: Foul Ball, location: 2F 2-1: Foul Ball, location: 2F 2-2: SINGLE (Groundball, 13) (infield hit) António De La Cruz to second
|
Batting: RHB Oliver Lugo
|
0-0: Foul Ball, location: 2F 0-1: Ball 1-1: Foul Ball, location: 2F 1-2: Strikes out swinging
|
Batting: RHB Chris Chandler
|
0-0: Foul Ball, location: 2F 0-1: Foul Ball, location: 2F 0-2: Ball 1-2: SINGLE (Line Drive, 78S) António De La Cruz to third Luis González to second
|
Batting: SHB Douglas Taylor
|
0-0: Called Strike 0-1: Called Strike 0-2: Strikes out looking
|
Batting: SHB José Cruz
|
0-0: Hit by Pitch António De La Cruz scores Luis González to third Chris Chandler to second
|
Pitching: LHP Francisco Ríos
|
|
Batting: RHB Toshimichi Kono
|
0-0: Ball 1-0: Called Strike 1-1: Foul Ball, location: 2F 1-2: Fly out, F9 (Flyball, 9S)
|
Bottom of the 9th over - 1 run(s), 2 hit(s), 0 error(s), 3 left on base; Greenville 8 - Kansas City 3 |
|